 Dungeon Crawl Stone Soup version 0.21.0-3-g78d12a8 (webtiles) character file.

122 troglodite the Skirmisher (level 4, -1/55 HPs)
             Began as a Demonspawn Berserker on Jan 10, 2018.
             Was a Believer of Trog.
             Slain by Grinder (6 damage)
             ... while paralysed by Grinder
             ... on level 3 of the Dungeon.
             The game lasted 00:05:00 (1602 turns).

troglodite the Skirmisher (Demonspawn Berserker)    Turns: 1602, Time: 00:05:01

Health: -1/55      AC:  7    Str: 22    XL:     4   Next: 78%
Magic:  4/4        EV:  2    Int:  9    God:    Trog [**....]
Gold:   142        SH:  0    Dex: 13    Spells: 3/3 levels left

rFire    . . .     SeeInvis .   h - +1 dagger (elec)
rCold    . . .     Gourm    .   (no shield)
rNeg     . . .     Faith    .   g - +0 scale mail
rPois    .         Spirit   .   (no helmet)
rElec    .         Reflect  .   m - +0 cloak
rCorr    .         Harm     .   (no gloves)
MR       .....                  (no boots)
Stlth    ..........             b - amulet of regeneration
HPRegen  0.58/turn              (no ring)
MPRegen  0.09/turn              (no ring)

@: paralysed, berserking
A: spiny 1
a: Berserk, Trog's Hand, Burn Spellbooks, Renounce Religion


You were on level 3 of the Dungeon.
You worshipped Trog.
Trog was pleased with you.
You were hungry.

You visited 1 branch of the dungeon, and saw 3 of its levels.

You collected 142 gold pieces.

Inventory:

Hand Weapons
 a - a +0 falchion
 h - a +1 dagger of electrocution (weapon)
Armour
 g - a +0 scale mail (worn)
 m - a +0 cloak (worn)
Jewellery
 b - an amulet of regeneration (around neck)
Wands
 l - a wand of flame (36)
 q - a wand of digging (16)
Scrolls
 d - a scroll of random uselessness {unknown}
 i - 6 scrolls of identify {unknown}
 n - a scroll of teleportation {unknown}
 o - a scroll of remove curse {unknown}
Potions
 e - 2 potions of lignification {unknown}
 f - 2 potions of might {unknown}
 j - a potion of curing {unknown}
 k - a potion of flight {unknown}
 p - a potion of agility {unknown}
Comestibles
 c - 7 rations
 r - a chunk of flesh


   Skills:
 * Level 4.0 Fighting
 + Level 0.4(2.1) Short Blades
 + Level 3.3(3.4) Long Blades
 * Level 2.5 Armour
 * Level 2.4 Dodging
 + Level 0.1 Stealth


You had 3 spell levels left.
You didn't know any spells.

Dungeon Overview and Level Annotations

Branches:
Dungeon (3/15)

Altars:

Annotations:
D:3 Grinder


Innate Abilities, Weirdness & Mutations

You are partially covered in sharp spines.


Message History

You puncture Grinder!
Grinder is moderately wounded.
The gnoll hits you but does no damage.
You hit Grinder.
Grinder is moderately wounded.
The gnoll hits you but does no damage. Grinder gestures at you.
You suddenly lose the ability to move!
The gnoll hits you from afar with a spear.
The gnoll is struck by your spines. The gnoll hits you.
The gnoll hits you from afar with a spear.
* * * LOW HITPOINT WARNING * * *
Grinder gestures at you.
You shrug off the repeated paralysis!
The gnoll hits you from afar with a spear.
* * * LOW HITPOINT WARNING * * *
The gnoll hits you but does no damage. x2; Grinder hits you.
* * * LOW HITPOINT WARNING * * *
You writhe in agony.
You die...

..... #.# .....
#.##### #.
.....##..... #.#
........... ..
#......... #.
#....g.J. #.##
#...ggg5# #+# #..#
#@#####.#######.##
#.................
#######.#######..#
#.# ##.# #.# #..
... ##. ... ##'
..... #.. .....
#..


You could see Grinder, 4 gnolls and an ooze.

Vanquished Creatures
  Crazy Yiuf (D:2)
  Jessica (D:2)
  An adder (D:2)
  A worm (D:2)
  5 dart slugs
  A leopard gecko (D:3)
  2 giant cockroaches
  3 hobgoblins
  8 jackals
  A ball python (D:2)
  7 bats
  4 frilled lizards
  4 goblins
  2 kobolds (D:1)
  6 rats
47 creatures vanquished.

Notes
Turn   | Place    | Note
-------+----------+-------------------------------------------
     0 | D:1      | troglodite the Demonspawn Berserker began the quest for the Orb.
     0 | D:1      | Reached XP level 1. HP: 18/18 MP: 1/1
   277 | D:1      | Gained mutation: You are partially covered in sharp spines. [demonic ancestry]
   277 | D:1      | Reached XP level 2. HP: 24/24 MP: 2/2
   589 | D:1      | Reached ** piety under Trog
   666 | D:1      | Reached XP level 3. HP: 29/29 MP: 3/3
   965 | D:2      | Noticed Jessica
   979 | D:2      | Killed Jessica
  1021 | D:2      | Reached XP level 4. HP: 30/37 MP: 4/4
  1070 | D:2      | Found a runed door.
  1074 | D:2      | Noticed Crazy Yiuf
  1079 | D:2      | Killed Crazy Yiuf
  1079 | D:2      | Reached skill level 4 in Fighting
  1593 | D:3      | Noticed Grinder
  1600 | D:3      | Paralysed by Grinder for 6 turns
  1602 | D:3      | Slain by Grinder

Skill      XL: |  1  2  3  4 |
---------------+-------------+-----
Long Blades    | 3 |  3.3
Dodging        | 2 |  2.4
Armour         | 2 |  2.5
Fighting       | 4 |  4.0
Short Blades   | |  0.4
Stealth        | |  0.1

Action                   |  1- 3 |  4- 6 || total
-------------------------+-------+-------++-------
Melee: Falchion          |    24 |       ||    24
       Dagger            |    47 |    30 ||    77
Invok: Berserk           |       |     2 ||     2
  Eat: Chunk             |       |     3 ||     3
Armor: Animal skin       |     6 |       ||     6
       Scale mail        |    16 |    12 ||    28
Dodge: Dodged            |    37 |    15 ||    52
       Rpst.: Falchion   |     5 |       ||     5
